 Dungeon Crawl Stone Soup version 0.28-a0-1415-g7c84da036a (webtiles) character file.

Game seed: 8092005689540539356

1290 HallandMoats the Skirmisher (level 8, -1/56 (68) HPs)
             Began as a Ghoul Fighter on Jan 7, 2022.
             Was a Believer of Okawaru.
             Slain by an orc warrior (11 damage)
             ... in a bailey.
             The game lasted 00:06:46 (5888 turns).

HallandMoats the Skirmisher (Ghoul Fighter)         Turns: 5888, Time: 00:06:47

HP:   -1/56 (68)    AC: 10    Str: 20    XL:     8   Next: 55%
MP:   5/9           EV: 12    Int:  5    God:    Okawaru [**....]
Gold: 245           SH: 10    Dex:  8    Spells: 7/7 levels left

rFire   . . .      SeeInvis .   a - +1 rapier
rCold   + . .      Faith    .   c - +0 buckler
rNeg    + + +      Spirit   .   b - +0 scale mail
rPois   ∞          Reflect  +   (no helmet)
rElec   .          Harm     .   i - scarf {+Inv}
rCorr   .          Rampage  .   (no gloves)
Will    .....                   j - +0 pair of boots
Stlth   +.........              h - amulet of reflection
HPRegen 0.00/turn               (no ring)
MPRegen 0.11/turn               (no ring)

@: heroic, very slightly contaminated, inhibited regen, heavily drained,
invisible
A: claws 1, cold resistance 1, negative energy resistance 3, inhibited
regeneration, torment resistance 2
a: Renounce Religion, Evoke Invisibility, Heroism


You were in a bailey.
You worshipped Okawaru.
Okawaru was pleased with you.
You visited 2 branches of the dungeon, and saw 8 of its levels.
You also visited: Bailey.

You collected 245 gold pieces.

Inventory:

Hand Weapons
 a - a +1 rapier (weapon)
Armour
 b - a +0 scale mail (worn)
 c - a +0 buckler (worn)
 i - a scarf of invisibility (worn)
 j - a +0 pair of boots (worn)
Jewellery
 d - a +6 ring of intelligence
 h - an amulet of reflection (around neck)
 k - a ring of ice
 m - an amulet of the acrobat
Wands
 u - a wand of mindburst (6)
 B - a wand of iceblast (6)
Scrolls
 g - 2 scrolls of identify
 l - a scroll of noise
Potions
 e - a potion of heal wounds
 f - a potion of lignification
 r - a potion of experience {unknown}
 s - a potion of mutation {unknown}
 t - a potion of invisibility {unknown}
 w - a potion of degeneration {unknown}
 x - a potion of brilliance {unknown}
 z - a potion of curing {unknown}
 A - a potion of haste


   Skills:
 + Level 5.1(10.1) Fighting
 * Level 4.6(9.6) Short Blades
 * Level 5.0(10.0) Armour
 * Level 4.1(9.1) Dodging
 - Level 4.0(9.0) Shields
 + Level 3.2 Invocations


You had 7 spell levels left.
You didn't know any spells.
Your spell library contained the following spells:

 Spells                   Type           Power      Damage    Failure   Level
 Apportation              Tloc           0%         N/A       83%         1
 Corpse Rot               Necr/Air       0%         N/A       93%         2
 Dispel Undead            Necr           0%         3d6       100%        4
 Alistair's Intoxication  Tmut/Pois      0%         N/A       100%        5
 Fireball                 Conj/Fire      0%         3d3       100%        5
 Iskenderun's Battlesphe  Conj           0%         2d6       100%        5
 Conjure Ball Lightning   Conj/Air       0%         3x3d6     100%        6
 Orb of Destruction       Conj           0%         N/A       100%        7
 Death Channel            Necr           Unusable   N/A       N/A         6

Dungeon Overview and Level Annotations

Branches:
Dungeon (7/15)             Temple (1/1) D:4          Bailey (1/1)

Altars:
Ashenzari
Fedhas
Nemelex Xobeh
Okawaru
Vehumet

Shops:
D:5 =   D:6 :


Innate Abilities, Weirdness & Mutations

You thrive by killing the living.
You are immune to poison.
You have sharp fingernails.
Your flesh is cold resistant. (rC+)
You are immune to negative energy. (rN+++)
You do not regenerate when monsters are visible.
You are immune to unholy pain and torment.


Message History

You are too injured to fight recklessly!
You are too injured to fight recklessly!
You are too injured to fight recklessly!
You are too injured to fight recklessly!
You are too injured to fight recklessly!
You are too injured to fight recklessly!
You are too injured to fight recklessly!
You are too injured to fight recklessly!
You are too injured to fight recklessly!
You gain the combat prowess of a mighty hero.
The orc warrior hits you but does no damage.
The orc warrior hits you with a +0 spear!
You barely miss the orc warrior.
The orc warrior is moderately wounded.
The orc warrior misses you.
You hit the orc warrior but do no damage.
The orc warrior is moderately wounded.
The orc warrior hits you with a +0 spear.
* * * LOW HITPOINT WARNING * * *
The orc warrior hits you from afar with a +0 halberd!
* * * LOW HITPOINT WARNING * * *
You barely miss the orc warrior.
The orc warrior is moderately wounded.
The orc warrior barely misses you.
You feel drained.
You fail to use your ability.
The orc warrior misses you. The orc warrior closely misses you.
You feel drained.
You fade into invisibility!
You are very lightly contaminated with residual magic.
The orc warrior misses you. You block the orc warrior's attack.
You hit the orc warrior.
The orc warrior is moderately wounded.
You block the orc warrior's attack.
You closely miss the orc warrior.
The orc warrior is moderately wounded.
The orc warrior misses you.
You puncture the orc warrior!
The orc warrior is severely wounded.
The orc warrior hits you with a +0 spear!
You die...

♣♣♣≈≈≈≈ ♣♣..≈≈≈≈≈.
#♣..≈≈≈≈≈..
#...≈≈≈≈..####
###..≈≈≈≈≈..#$.####
###.....≈≈≈≈...#.....
♣♣♣...♣♣..≈≈≈≈...##o..
♣♣......♣.@≈≈≈≈....#..#
♣.......oo######...#.8#
♣..∩........o......#..#
♣............o.....'..#
♣..................'..#
♣..∩...........)...#..#
♣.........######...#.8#
♣♣.........≈≈≈≈....#o.#
♣♣♣....♣..≈≈≈≈.♣.##...


You could see 2 orc warriors.

Vanquished Creatures
  An orc warrior (Bailey)
  A sky beast (D:4)
  A necrophage (D:6)
  A black bear (D:7)
  2 ogres (D:6)
  A centaur (D:6)
  A scorpion (D:5)
  A water moccasin skeleton (D:5)
  A howler monkey (D:5)
  A bullfrog zombie (D:5)
  A centaur zombie (D:5)
  5 hounds (D:4)
  2 orc priests
  2 iguanas
  An orc wizard (D:5)
  6 adders
  A gnoll (D:1)
  A shadow imp (D:6)
  An ufetubus (D:6)
  A worm (D:2)
  2 dart slugs
  11 orcs
  6 endoplasms
  3 giant cockroaches
  7 goblins
  7 hobgoblins
  8 jackals
  12 kobolds
  2 quokkas (D:1)
  8 ball pythons
  6 bats
  3 frilled lizards
  5 rats
112 creatures vanquished.

Notes
Turn   | Place    | Note
-------+----------+-------------------------------------------
     0 | D:1      | HallandMoats the Ghoul Fighter began the quest for the Orb.
     0 | D:1      | Reached XP level 1. HP: 19/19 MP: 0/0
   169 | D:1      | Reached XP level 2. HP: 26/26 MP: 1/1
   279 | D:1      | Reached XP level 3. HP: 22/31 MP: 2/2
  1535 | D:2      | Reached skill level 1 in Dodging
  1616 | D:2      | Reached XP level 4. HP: 30/39 MP: 3/3
  1881 | D:2      | Found a faded altar of an unknown god.
  2633 | D:3      | Reached XP level 5. HP: 46/46 MP: 4/4
  2803 | D:4      | Found a staircase to the Ecumenical Temple.
  2838 | Temple   | Entered the Ecumenical Temple
  2848 | Temple   | Became a worshipper of Warmaster Okawaru
  2984 | D:4      | Reached skill level 1 in Invocations
  3103 | D:4      | Reached XP level 6. HP: 45/52 MP: 5/5
  3473 | D:5      | Entered Level 5 of the Dungeon
  3495 | D:5      | Noticed a sky beast
  3529 | D:4      | Killed a sky beast
  3549 | D:4      | Reached XP level 7. HP: 41/60 MP: 7/7
  3648 | D:5      | Reached * piety under Okawaru
  3962 | D:5      | Found Ublib's Jewellery Boutique.
  4613 | D:5      | Found a blossoming altar of Fedhas.
  4726 | D:6      | Reached XP level 8. HP: 51/67 MP: 8/8
  4849 | D:6      | Found a sparkling altar of Nemelex Xobeh.
  5117 | D:6      | Found Qusiq's Book Shop.
  5204 | D:6      | Reached skill level 5 in Fighting
  5294 | D:6      | Reached ** piety under Okawaru
  5452 | D:6      | Found a radiant altar of Vehumet.
  5640 | D:7      | Found a flagged portal.
  5645 | Bailey   | Entered a bailey
  5781 | Bailey   | Reached skill level 5 in Armour
  5888 | Bailey   | Slain by an orc warrior

Illustrated notes

Levels and vault maps discovered:
D:1:      roderic_crossed_star, layout_basic
D:2:      layout_loops_ring, hellmonk_ecumenical_altar_inner_sanctum
D:3:      layout_rooms
D:4:      layout_cave_pools, minmay_temple_entry_tees
D:5:      layout_basic, fedhas_altar_fruit_tree, serial_shops, shop
D:6:      layout_rooms, mainiacjoe_overflow_alcove_2,
          nicolae_overflow_hidden_temple, serial_shops, shop,
          amcnicky_mini_corridor_feature
D:7:      layout_layer_cave, enter_bailey_3
Temple:   mainiacjoe_temple_bowtie_tessellation
Bailey:   bailey_polearm_elven_captive_hellmonk, bailey

Skill      XL: |  1  2  3  4  5  6  7  8 |
---------------+-------------------------+-----
Short Blades   | 2 3 4 |  4.6
Shields        | 3 4 |  4.0
Dodging        | 1 2 3 4 |  4.1
Armour         | 3 4 5 |  5.0
Fighting       | 4 5 |  5.1
Invocations    | 1 2 3 |  3.2

Action                   |  1- 3 |  4- 6 |  7- 9 || total
-------------------------+-------+-------+-------++-------
Melee: Rapier            |   118 |   184 |   163 ||   465
Invok: Heroism           |       |       |     2 ||     2
 Abil: Evoke Invisibilit |       |       |     1 ||     1
  Use: Potion            |       |     1 |     1 ||     2
       Scroll            |       |       |     8 ||     8
Armor: Scale mail        |    54 |    78 |    84 ||   216
Dodge: Dodged            |    48 |    82 |    77 ||   207
Block: Buckler           |    24 |    92 |   103 ||   219
       Reflection        |     3 |     3 |     2 ||     8

Table legend: (Time is in decaauts)
 A = Elapsed time spent in this place.
 B = Non-inter-level travel time spent in this place.
 C = Inter-level travel time spent in this place.
 D = Time resting spent in this place.
 E = Time spent auto-exploring this place.
 F = Levels seen in this place.
 G = Mean time per level.
                   A        B        C        D        E       F      G
               +--------+--------+--------+--------+--------+-----+--------+
         Total |   5932 |   5598 |    334 |    187 |   4380 |   9 |  659.1 |
       Dungeon |   5661 |   5327 |    334 |    187 |   4180 |   7 |  808.7 |
        Temple |     29 |     29 |      0 |      0 |      0 |   1 |   29.0 |
        Bailey |    241 |    241 |      0 |      0 |    200 |   1 |  241.0 |
               +--------+--------+--------+--------+--------+-----+--------+

Top non-repeatable levels by time:
     D:1: 1505 daAuts
     D:5: 1164 daAuts
     D:6: 926 daAuts
     D:2: 811 daAuts
     D:4: 707 daAuts
     D:3: 484 daAuts
  Bailey: 241 daAuts
     D:7: 61 daAuts
  Temple: 29 daAuts
